Map: Gresvan LE

Players

Solar - Winner!

  • Race: Zerg Zerg
  • League: Master
  • Spawn Location: 11:00

Fjant

  • Race: Zerg Zerg
  • League: Grandmaster
  • Spawn Location: 5:00

Event: HomeStory Cup XXIII

VOD

Have the link to the VOD?

Description

Time

  • Played on: June 30, 2023, 1:55 p.m.
  • Length: 12:29

All games in this series

Show
View Real Time Build Order
Export as new Build Order

Solar Zerg - Winner!

Build Orders: 3 Hatch before Pool 

Get SALT Encoding   

  12  0:00  Drone  
  13  0:12  Overlord  
  13  0:17  Drone  
  14  0:31  Drone x2  
  16  0:48  Hatchery  
  15  0:53  Hatchery  
  15  0:56  Drone  
  16  0:59  Drone  
  16  1:03  Drone  
  18  1:12  Extractor  
  17  1:18  Spawning Pool  
  17  1:20  Drone  
  17  1:24  Drone  
  18  1:29  Drone  
  19  1:41  Drone  
  20  1:50  Drone  
  21  2:02  Overlord  
  21  2:05  Queen x2, Zergling x2  
  26  2:11  Drone  
  26  2:15  Metabolic Boost  
  27  2:16  Drone  
  28  2:24  Drone  
  28  2:26  Drone  
  30  2:37  Hatchery  
  30  2:40  Zergling x2  
  30  2:44  Drone  
  31  2:50  Queen  
  33  2:54  Baneling Nest  
  33  2:58  Overlord  
  32  3:00  Drone  
  32  3:04  Drone  
  34  3:08  Drone x2  
  36  3:16  Zergling x2  
  36  3:17  Zergling x6  
  36  3:19  Zergling x2  
  41  3:22  Zergling x2  
  41  3:24  Drone  
  43  3:29  Overlord  
  43  3:30  Zergling x2  
  44  3:37  Baneling  
  44  3:38  Baneling  
  43  3:50  Drone x7  
  50  3:59  Evolution Chamber  
  50  4:00  Overlord, Drone x3  
  50  4:01  Drone  
  53  4:04  Drone  
  53  4:06  Drone  
  56  4:10  Zergling x2  
  56  4:13  Zergling x2  
  56  4:15  Overlord  
  57  4:22  Drone x2  
  59  4:25  Drone, Overlord  
  59  4:26  Drone  
  59  4:27  Drone x2  
  61  4:36  Overlord  
  61  4:38  Extractor  
  60  4:39  Extractor  
  60  4:40  Roach Warren  
  60  4:41  Zerg Missile Weapons Level 1  
  60  4:45  Zergling x6  
  61  4:50  Drone x2  
  61  4:52  Overlord  
  63  4:54  Overlord  
  62  5:01  Drone x2  
  62  5:03  Drone x5, Lair  
  62  5:04  Drone  
  66  5:11  Zergling x6  
  66  5:13  Baneling  
  68  5:15  Drone x2  
  68  5:16  Drone  
  68  5:20  Zergling x2  
  72  5:23  Overlord  
  72  5:24  Drone x3  
  72  5:25  Extractor  
  72  5:27  Extractor  
  73  5:28  Roach  
  73  5:29  Roach  
  73  5:30  Roach  
  73  5:32  Drone x2  
  73  5:33  Drone  
  81  5:39  Drone  
  82  5:44  Drone x2  
  84  5:53  Roach x4  
  84  5:54  Drone x3  
  84  5:55  Overlord  
  95  5:57  Overlord  
  95  5:59  Overlord  
  95  6:01  Glial Reconstitution  
  95  6:02  Extractor  
  95  6:03  Roach x2  
  98  6:06  Roach, Overseer  
  98  6:09  Roach  
  102  6:13  Overlord  
  101  6:19  Roach x2  
  101  6:23  Roach x7  
  119  6:28  Roach x3  
  125  6:34  Roach x3  
  125  6:37  Zerg Missile Weapons Level 2  
  131  6:47  Drone x2  
  131  6:48  Roach  
  131  6:49  Evolution Chamber  
  131  6:50  Overlord  
  131  6:53  Roach x2  
  139  6:55  Hatchery  
  139  6:58  Drone x2  
  139  7:00  Pneumatized Carapace  
  140  7:03  Overlord, Evolution Chamber  
  140  7:06  Overlord  
  140  7:08  Overlord  
  139  7:09  Roach x2  
  139  7:15  Roach x4  
  151  7:20  Overlord  
  151  7:21  Overlord  
  145  7:23  Drone x4  
  145  7:26  Drone x2  
  145  7:29  Roach  
  152  7:32  Zerg Ground Armor Level 1  
  152  7:35  Burrow  
  147  7:43  Tunneling Claws  
  147  7:45  Roach  
  147  7:46  Roach x4  
  147  7:47  Baneling  
  147  7:48  Baneling  
  157  7:52  Drone x2  
  157  7:53  Roach x2  
  157  7:54  Ravager  
  157  7:55  Ravager x2  
  166  8:01  Roach x3  
  166  8:02  Roach  
  173  8:08  Roach x4  
  173  8:09  Ravager  
  182  8:13  Roach x3  
  182  8:15  Overlord  
  188  8:22  Roach  
  188  8:23  Roach  
  188  8:25  Overlord  
  186  8:27  Ravager  
  186  8:28  Roach x2  
  186  8:31  Roach  
  189  8:36  Roach x5  
  189  8:38  Roach  
  189  8:40  Roach  
  173  8:42  Roach  
  173  8:46  Roach x2  
  163  8:49  Drone x3  
  163  8:50  Drone  
  163  8:52  Ravager x2  
  163  8:53  Ravager  
  163  8:55  Drone x2  
  172  8:59  Roach x5  
  172  9:00  Roach  
  172  9:01  Roach x3  
  178  9:06  Roach x3  
  178  9:09  Roach x2  
  186  9:12  Roach x2, Overseer  
  186  9:14  Roach x2  
  190  9:17  Roach  
  190  9:19  Roach  
  190  9:20  Queen  
  190  9:26  Roach x23  
  190  9:30  Roach x2  
  196  9:35  Roach x4  
  193  9:38  Roach  
  193  9:39  Roach  
  193  9:42  Roach x4  
  195  9:46  Roach x5  
  195  9:49  Roach  
  199  9:52  Roach  
  199  9:55  Roach x2  
  199  9:56  Roach x2  
  199  9:57  Roach x5  
  182  10:00  Roach, Extractor  
  182  10:03  Roach x2  
  182  10:06  Ravager x2  
  185  10:07  Roach x2  
  185  10:13  Roach x2  
  193  10:17  Roach x2  
  193  10:21  Roach  
  199  10:22  Ravager  
  199  10:26  Roach  
  194  10:29  Roach x3  
  200  10:38  Roach  
  200  10:42  Roach  
  200  10:46  Roach x8  
  200  10:48  Roach, Overlord  
  192  10:52  Roach  
  192  10:55  Roach  
  170  10:58  Roach x7  
  170  11:04  Roach x4  
  174  11:05  Roach x21  
  174  11:07  Queen  
  174  11:08  Roach  
  174  11:09  Roach  
  174  11:10  Ravager  
  163  11:11  Roach  
  163  11:13  Ravager  
  163  11:14  Roach  
  163  11:17  Roach x2  
  172  11:22  Roach x3  
  178  11:26  Roach  
  178  11:28  Roach x8  
  178  11:31  Ravager  
  181  11:34  Roach  
  181  11:38  Roach x2, Hatchery  
  186  11:40  Roach  
  186  11:44  Roach x2  
  190  11:48  Roach  
  190  11:49  Roach  
  190  11:52  Roach x2  
  190  11:53  Roach  
  198  11:57  Roach x2  
  198  11:58  Roach  
  198  11:59  Roach x2  
  198  12:01  Roach x3  
  198  12:07  Roach x3  
  198  12:08  Roach x3  
  188  12:09  Roach x2  
Show
View Real Time Build Order
Export as new Build Order

Fjant Zerg 

Build Orders: Hatch First 

Get SALT Encoding   

  12  0:00  Drone  
  13  0:13  Overlord  
  13  0:17  Drone  
  14  0:32  Drone x2  
  16  0:48  Hatchery  
  15  0:52  Drone  
  15  0:55  Drone  
  17  0:57  Drone  
  18  1:09  Extractor  
  17  1:12  Spawning Pool  
  17  1:16  Drone  
  17  1:20  Drone  
  18  1:29  Drone  
  19  1:43  Drone  
  20  1:54  Drone  
  20  2:00  Queen x2, Zergling x2  
  26  2:02  Overlord  
  26  2:13  Drone x2  
  28  2:17  Metabolic Boost  
  28  2:22  Drone  
  29  2:25  Zergling x2  
  30  2:34  Hatchery  
  29  2:43  Drone  
  29  2:47  Zergling x2  
  29  2:50  Baneling Nest  
  29  2:59  Drone x2  
  29  3:03  Zergling x2  
  29  3:04  Zergling x2  
  33  3:12  Overlord  
  33  3:14  Drone x2  
  35  3:31  Drone x6  
  41  3:37  Queen  
  43  3:41  Zergling x2  
  43  3:53  Zergling x4  
  43  3:54  Zergling x2  
  46  3:58  Drone x3  
  46  3:59  Baneling x2, Roach Warren  
  46  4:01  Evolution Chamber  
  47  4:04  Zergling x4  
  49  4:21  Drone  
  49  4:29  Drone x2  
  49  4:30  Overlord  
  50  4:33  Zerg Missile Weapons Level 1  
  50  4:39  Overlord, Lair  
  50  4:40  Overlord  
  50  4:41  Overlord  
  50  4:47  Extractor  
  50  4:48  Extractor, Drone  
  50  4:49  Drone  
  50  4:50  Drone x4  
  50  4:51  Drone  
  55  4:56  Zergling x6  
  56  5:08  Drone x9  
  65  5:18  Drone  
  66  5:21  Drone x2  
  68  5:31  Drone  
  69  5:42  Roach x6  
  80  5:43  Baneling x2  
  80  5:50  Overlord  
  80  5:52  Overlord  
  80  5:53  Drone  
  81  5:59  Drone  
  82  6:11  Overlord x2  
  82  6:12  Drone  
  82  6:13  Drone x7  
  82  6:14  Glial Reconstitution  
  82  6:15  Evolution Chamber  
  88  6:21  Roach  
  88  6:22  Hatchery  
  88  6:23  Overseer  
  87  6:28  Roach x2  
  87  6:31  Drone  
  90  6:33  Extractor, Overseer  
  90  6:34  Extractor, Zerg Missile Weapons Level 2  
  90  6:35  Roach x2  
  92  6:42  Zerg Ground Armor Level 1  
  92  6:44  Roach  
  94  6:48  Roach x2  
  94  6:49  Overlord x2  
  94  6:51  Overlord  
  94  6:53  Overlord  
  98  6:54  Overlord  
  98  6:59  Baneling x3  
  98  7:00  Overlord  
  98  7:01  Roach  
  100  7:05  Extractor, Drone x3  
  102  7:09  Roach  
  102  7:15  Roach x3  
  110  7:16  Roach  
  111  7:24  Roach x4  
  111  7:27  Zergling x8  
  111  7:28  Zergling x2  
  123  7:30  Roach  
  124  7:37  Roach x3  
  124  7:40  Roach  
  132  7:44  Spine Crawler  
  132  7:45  Roach x4  
  132  7:46  Ravager x2  
  132  7:49  Roach x4  
  149  7:54  Roach x2  
  149  7:56  Roach x3  
  149  7:57  Overlord  
  159  8:00  Overseer  
  159  8:02  Overlord  
  155  8:08  Spore Crawler, Ravager  
  155  8:09  Roach x2  
  159  8:14  Baneling x2  
  159  8:18  Roach x4  
  166  8:32  Roach x8  
  172  8:39  Roach x5  
  172  8:40  Roach  
  160  8:44  Roach x2  
  144  8:50  Roach  
  150  8:55  Roach x2  
  150  8:56  Roach  
  150  9:00  Roach  
  152  9:06  Roach x3  
  152  9:07  Overseer  
  158  9:11  Roach  
  158  9:13  Evolution Chamber, Pneumatized Carapace  
  159  9:21  Roach x4  
  163  9:30  Roach x5  
  164  9:49  Roach x4  
  164  9:50  Overlord x2  
  164  9:51  Overlord  
  168  9:58  Hatchery  
  160  10:05  Overlord  
  158  10:08  Roach x7  
  158  10:10  Roach x3  
  158  10:11  Ravager x3  
  181  10:17  Roach x2  
  185  10:23  Roach x3  
  191  10:30  Roach  
  191  10:31  Hydralisk Den  
  191  10:33  Roach  
  194  10:35  Overlord  
  192  10:45  Roach x5  
  192  10:48  Roach  
  183  10:50  Roach  
  183  10:54  Roach x3  
  183  10:55  Roach  
  160  10:57  Roach  
  160  11:01  Roach x3  
  160  11:03  Roach  
  138  11:05  Roach  
  138  11:08  Roach  
  122  11:13  Roach  
  122  11:17  Roach x2  
  124  11:20  Roach  
  124  11:21  Roach  
  130  11:25  Roach  
  130  11:27  Ravager x3  
  130  11:28  Ravager  
  130  11:30  Roach  
  132  11:36  Roach x2  
  132  11:37  Roach  
  138  11:45  Roach x3  
  138  11:46  Ravager  
  145  11:51  Roach x3  
  151  11:55  Roach  
  151  11:56  Roach x2  
  114  12:09  Roach x7  
Tags
 
Add a new tag
Caveats
  • Supply blocks, unpowered buildings, or Contaminate may cause inaccurate times.
  • Supply counts are checked every 10 seconds.